 Dungeon Crawl Stone Soup version 0.30.0-15-g856e2d3f33 (webtiles) character file.

Game seed: 14712351350889420879

4 monsoonserge the Caller (level 1, 0/14 HPs)
             Began as a Meteoran Summoner on May 19, 2023.
             Frozen to death by an endoplasm (5 damage)
             ... on level 1 of the Dungeon.
             The game lasted 00:00:35 (60 turns).

monsoonserge the Caller (Meteoran Summoner)           Turns: 60, Time: 00:00:37

Health: 0/14       AC:  2    Str:  9    XL:     1   Next: 85%
Magic:  3/5        EV: 12    Int: 16    God:
Gold:   0          SH:  0    Dex: 14    Spells: 4/5 levels left

rFire   . . .        (no weapon)
rCold   . . .        (no shield)
rNeg    . . .        a - +0 robe
rPois   .            (no helmet)
rElec   .            (no cloak)
rCorr   .            (no gloves)
SInv    .            (no boots)
Will    .....        (no amulet)
Stlth   +            (no ring)
HPRegen 0.22/turn    (no ring)
MPRegen 0.09/turn

%: no passive effects
@: glowing
A: sense surroundings 1, otherworldly, glowing, explore regen
a: no special abilities


You were on level 1 of the Dungeon.
You visited 1 branch of the dungeon, and saw 1 of its levels.

Inventory:

Armour
 a - a +0 robe (worn)
 c - a +0 ring mail
Potions
 b - a potion of magic
 d - a potion of curing {unknown}


   Skills:
 + Level 2.4 Dodging
 + Level 1.5 Stealth
 + Level 2.9 Spellcasting
 + Level 4.8 Summonings


You had 4 spell levels left.
You knew the following spells:

 Your Spells              Type           Power      Damage    Failure   Level
a - Summon Small Mammal   Summ           72%        N/A       2%          1

Your spell library contained the following spells:

 Spells                   Type           Power      Damage    Failure   Level
 Call Imp                 Summ           36%        N/A       3%          2
 Call Canine Familiar     Summ           18%        N/A       8%          3
 Summon Guardian Golem    Hex/Summ       10%        N/A       21%         3
 Summon Lightning Spire   Summ/Air       10%        N/A       56%         4


Dungeon Overview and Level Annotations

Branches:
Dungeon (1/15) Zot: 539

Altars:


Innate Abilities, Weirdness & Mutations

You passively map a small area around you.
You are easily found by Zot.
You glow in the dark.
You regain HP and MP as you explore.


Message History

Casting: Summon Small Mammal (safe; 2% risk of failure)
Confirm with . or Enter, or press ? or * to list all spells.
The bat misses you.
Your bat hits the bat. The bat closely misses your bat.
The frilled lizard bites your bat.
You barely miss the bat.
The bat is moderately wounded.
The bat hits your bat but does no damage.
Your bat misses the bat. The bat hits you. The bat closely misses you. x2
You barely miss the bat.
The bat is moderately wounded.
The bat hits you. The bat closely misses your bat.
Your bat barely misses the frilled lizard.
Your quokka closely misses the frilled lizard.
The endoplasm completely misses you.
You closely miss the frilled lizard. The bat barely misses your quokka.
The bat hits you but does no damage. The bat barely misses your bat.
Your bat barely misses the bat.
The endoplasm hits you.
The frilled lizard bites you but does no damage.
You hit the bat but do no damage.
The bat is moderately wounded.
Your bat closely misses the bat.
The bat hits you but does no damage. The bat closely misses your quokka.
Your quokka bites the frilled lizard.
The frilled lizard dies!
The endoplasm closely misses you. The bat closely misses your quokka.
You hit the bat but do no damage.
The bat is moderately wounded.
The bat hits your quokka but does no damage.
The bat hits you. x2; Your bat closely misses the bat.
The endoplasm freezes you.
You are frozen.
The bat completely misses your quokka.
Your quokka barely misses the bat.
You are too injured to fight recklessly!
You hit the endoplasm.
The endoplasm is moderately wounded.
The bat misses your quokka. The bat misses you.
Your bat closely misses the bat.
Your quokka bites the bat.
The bat dies!
The endoplasm freezes you.
You are frozen.
You die...

..
##.......##
*#.#####..# ,
,#.* ##.##
#., #..# *
,##, * ##.# *
* , #.### *,
, ,, ,* #...#
,, * ###.#*
,, #@#
#.b..J.# , *
,, #...b..#
,, #.r....# *
...†..... * ,
**##.......#.
* * ,
#.......#.. ,
* ,
,..#...... ..
* , ,


You could see an endoplasm, a bat (ally target), a friendly quokka (summoned)
and a friendly bat (summoned).

Vanquished Creatures
  A giant cockroach (D:1)
  A frilled lizard (D:1)
2 creatures vanquished.

Vanquished Creatures (collateral kills)
  2 bats (D:1)
  A frilled lizard (D:1)
3 creatures vanquished.

Grand Total: 5 creatures vanquished

Notes
Turn   | Place    | Note
-------+----------+-------------------------------------------
     0 | D:1      | monsoonserge the Meteoran Summoner began the quest for the
                  | Orb.
     0 | D:1      | Reached XP level 1. HP: 14/14 MP: 5/5
    60 | D:1      | Frozen to death by an endoplasm

Illustrated notes

Levels and vault maps discovered:
D:1:      lightli_arrival_noodles, layout_rooms

Action                     || total
---------------------------++-------
  Melee: Unarmed           ||    16
         Punch             ||     1
   Cast: Summon Small Mamm ||     4
 Armour: Robe              ||     8
  Dodge: Dodged            ||    13
